 Dungeon Crawl Stone Soup version 0.21.1-1-g345015f (console) character file.

438 fly the Ruffian (level 6, -3/51 HPs)
             Began as a Draconian Transmuter on May 5, 2018.
             Shot with an arrow by a centaur (8 damage)
             ... on level 5 of the Dungeon.
             The game lasted 00:08:11 (4276 turns).

fly the Ruffian (Draconian Transmuter)              Turns: 4276, Time: 00:08:11

Health: -3/51      AC:  7    Str: 12    XL:     6   Next: 69%
Magic:  11/11      EV: 13    Int: 18    God:
Gold:   204        SH:  0    Dex: 11    Spells: 3/11 levels left

rFire    . . .     SeeInvis .   a - +0 short sword (speed)
rCold    . . .     Gourm    .   (no shield)
rNeg     . . .     Faith    .   (armour unavailable)
rPois    .         Spirit   .   (helmet restricted)
rElec    .         Reflect  .   y - +0 cloak
rCorr    .         Harm     .   (no gloves)
MR       .....                  (no boots)
Stlth    +.........             (no amulet)
HPRegen  0.17/turn              n - +2 ring of intelligence
MPRegen  0.12/turn              (no ring)

@: no status effects
A: unfitting armour, cold-blooded, AC +6
a: no special abilities


You were on level 5 of the Dungeon.
You were not hungry.

You visited 1 branch of the dungeon, and saw 5 of its levels.

You collected 204 gold pieces.

Inventory:

Hand Weapons
 a - a +0 short sword of speed (weapon)
 b - a +0 hunting sling of freezing
Armour
 y - a +0 cloak (worn)
Jewellery
 n - a +2 ring of intelligence (left hand)
Wands
 q - a wand of acid (9)
 t - a wand of paralysis (12)
Scrolls
 d - 3 scrolls of amnesia {unknown}
 e - 3 scrolls of identify
 g - 3 scrolls of fog {unknown}
 h - 2 scrolls of teleportation {unknown}
 i - a scroll of fear {unknown}
 m - 2 scrolls of enchant weapon {unknown}
 o - 2 scrolls of remove curse {unknown}
 r - a scroll of enchant armour {unknown}
Potions
 f - a potion of cancellation {unknown}
 j - a potion of curing
 k - 2 potions of heal wounds
 l - a potion of resistance {unknown}
Books
 p - a book of Changes

   Spells                             Type                      Level
   a - Beastly Appendage              Transmutation                1
   b - Sticks to Snakes               Transmutation                2
   c - Spider Form                    Transmutation/Poison         3
   d - Ice Form                       Ice/Transmutation            4
   e - Blade Hands                    Transmutation                5
Comestibles
 c - 8 rations


   Skills:
 - Level 3.1 Fighting
 - Level 3.0 Dodging
 + Level 5.2 Unarmed Combat
 - Level 3.3 Spellcasting
 - Level 3.0 Transmutations


You had 3 spell levels left.
You knew the following spells:

 Your Spells              Type           Power        Failure   Level  Hunger
c - Ice Form              Ice/Tmut       #.......     63%         4    ####...
s - Spider Form           Tmut/Pois      #.........   26%         3    ###....
z - Beastly Appendage     Tmut           ##....       4%          1    None


Dungeon Overview and Level Annotations

Branches:
Dungeon (5/15)
 Temple: D:4-7

Altars:
Ashenzari
Kikubaaqudgha
Makhleb

Annotations:
D:5 Menkaure


Innate Abilities, Weirdness & Mutations

Your plain brown scales are hard. (AC +6)
You cannot fit into any form of body armour.
You are cold-blooded and may be slowed by cold attacks.


Message History

You start resting.
Your transformation is almost over.
You start resting.
Your transformation has ended.
Your +0 short sword of speed unmelds from your body.
Your +0 cloak unmelds from your body.
Your hands tingle!
You start resting.
Magic restored.
You start resting.
The centaur shouts!
The centaur shoots an arrow.
The arrow hits you!
* * * LOW HITPOINT WARNING * * *
Things that are here:
an uncursed shortbow; 18 arrows; a centaur corpse
Okay, then.
As you read the scroll labeled NAR QIMPEINON, it crumbles to dust.
It is a scroll of identify.
k - 2 potions of heal wounds The centaur shoots an arrow.
The arrow hits you!
You die...

..........#..##..#
......c...#..##.>#
#............(..#......#
#...............#......#
+..c............#......#
#............(..#......#
#.%..######..(..#......#
#....# #.....#......#
####....# #..@..#......#
.....<..# #.....#......#
....(...# #.....#......#
....#####
#.....#......##### ..>.
#...).#..........# ...
#.....#..........# ...
#.....#..........# ..
#.....############ ##


You could see a centaur.

Vanquished Creatures
  2 centaurs (D:5)
  A crimson imp (D:5)
  A bullfrog skeleton (D:4)
  An orc priest (D:3)
  Jessica (D:2)
  A worker ant (D:5)
  2 adders
  A gnoll (D:4)
  3 worms
  2 dart slugs (D:1)
  4 leopard geckos
  7 orcs
  A ball python (D:2)
  3 giant cockroaches
  6 goblins
  10 hobgoblins
  3 jackals (D:1)
  10 kobolds
  A quokka (D:2)
  11 bats
  8 frilled lizards
  12 rats
91 creatures vanquished.

Notes
Turn   | Place    | Note
-------+----------+-------------------------------------------
     0 | D:1      | fly the Draconian Transmuter began the quest for the Orb.
     0 | D:1      | Reached XP level 1. HP: 16/16 MP: 3/3
   169 | D:1      | Reached XP level 2. HP: 23/23 MP: 5/5
   632 | D:1      | Reached XP level 3. HP: 26/28 MP: 6/6
  1005 | D:1      | Learned a level 3 spell: Spider Form
  1659 | D:2      | Noticed Jessica
  1669 | D:2      | Killed Jessica
  1669 | D:2      | Reached XP level 4. HP: 29/36 MP: 3/7
  1828 | D:2      | Found an ancient bone altar of Kikubaaqudgha.
  1981 | D:3      | Reached skill level 4 in Unarmed Combat
  2009 | D:3      | Reached XP level 5. HP: 15/42 MP: 3/8
  2192 | D:3      | Found a shattered altar of Ashenzari.
  2587 | D:4      | Learned a level 4 spell: Ice Form
  3527 | D:5      | Entered Level 5 of the Dungeon
  3530 | D:5      | Noticed Menkaure
  3530 | D:5      | Noticed a centaur
  3623 | D:5      | Noticed a centaur
  4091 | D:5      | Found a burning altar of Makhleb.
  4097 | D:5      | Killed a centaur
  4097 | D:5      | Reached XP level 6. HP: 20/51 MP: 5/11
  4242 | D:5      | Reached skill level 5 in Unarmed Combat
  4276 | D:5      | Shot with an arrow by a centaur

Skill      XL: |  1  2  3  4  5  6 |
---------------+-------------------+-----
Transmutations | 3 |  3.0
Dodging        | 2 3 |  3.0
Fighting       | 2 3 |  3.1
Unarmed Combat | 4 5 |  5.2
Spellcasting   | 3 |  3.3

Action                   |  1- 3 |  4- 6 || total
-------------------------+-------+-------++-------
Melee: Unarmed           |   179 |    53 ||   232
       Tailslap          |    14 |    19 ||    33
       Punch             |     1 |     1 ||     2
       Short sword       |    37 |   140 ||   177
 Cast: Spider Form       |     2 |    10 ||    12
  Use: Potion            |       |     2 ||     2
       Scroll            |       |     1 ||     1
 Stab: Sleeping          |     4 |     1 ||     5
  Eat: Chunk             |     3 |    10 ||    13
Armor: Skin              |    57 |    44 ||   101
Dodge: Dodged            |   146 |   132 ||   278
